 Dungeon Crawl Stone Soup version 0.31-a0-1183-gd88bbb8b4d (webtiles) character file.

Game seed: 15539893751533878188

105 qw the Shooter (level 4, -1/28 HPs)
             Began as a Gargoyle Hunter on Dec 11, 2023.
             Was an Initiate of Okawaru.
             Slain by a gnoll
             ... wielding a +0 halberd
             ... led by a gnoll sergeant
              (3 damage)
             ... on level 5 of the Dungeon.
             The game lasted 00:00:47 (1810 turns).

qw the Shooter (Gargoyle Hunter)                    Turns: 1810, Time: 00:00:48

Health: -1/28      AC: 12    Str: 14      XL:     4   Next: 83%
Magic:  4/4        EV: 10    Int:  8 (10) God:    Okawaru [......]
Gold:   106        SH:  0    Dex: 13 (15) Spells: 3/3 levels left

rFire   . . .        a - +1 shortbow
rCold   . . .        (shield currently unavailable)
rNeg    + . .        h - +4 ring mail
rPois   inf          (no helmet)
rElec   +            (no cloak)
rCorr   .            (no gloves)
SInv    .            (no boots)
Will    .....        (no amulet)
Stlth   +            (no ring)
HPRegen 0.24/turn    (no ring)
MPRegen 0.09/turn

%: no passive effects
@: about to teleport
A: sickness immunity, AC +3, negative energy resistance 1, electricity
resistance, torment resistance 1, petrification resistance
a: Renounce Religion


You were on level 5 of the Dungeon.
You worshipped Okawaru.
Okawaru was noncommittal.
You visited 1 branch of the dungeon, and saw 4 of its levels.

You collected 106 gold pieces.


Innate Abilities, Weirdness & Mutations

You are immune to sickness and miasma.
Your stone body is resilient. (AC +3)
You are immune to poison.
You resist negative energy. (rN+)
You are resistant to electric shocks. (rElec)
You are resistant to unholy torment.
You are immune to petrification.


   Skills:
 - Level 3.1 Fighting
 + Level 5.3 Ranged Weapons
 - Level 1.4 Armour
 - Level 1.5 Dodging
 - Level 1.1 Stealth


You had 3 spell levels left.
You didn't know any spells.
Your spell library was empty.

Inventory:

Hand Weapons
 a - a +1 shortbow (weapon)
Armour
 h - a +4 ring mail (worn)
Jewellery
 b - a ring of protection from fire
Scrolls
 g - a scroll of revelation {unknown}
 k - 2 scrolls of identify
Potions
 d - a potion of haste
 e - a potion of cancellation {unknown}
 f - a potion of resistance {unknown}
 i - a potion of lignification {unknown}
 j - a potion of heal wounds {unknown}

Dungeon Overview and Level Annotations

Branches:
Dungeon (3/15)

Altars:
Okawaru
Uskayaw

Shops:
D:3 [


Message History

1799 ||| RETREEAATING.
You shoot an arrow.
The arrow hits the gnoll but does no damage.
The gnoll is heavily wounded.
You shoot an arrow. The arrow hits the gnoll!
You kill the gnoll!
Okawaru accepts your kill.
A gnoll comes into view. It is wielding a +0 halberd.
You shoot an arrow. The gnoll shouts!
The arrow hits the gnoll.
The gnoll is lightly wounded.
You hear a shout!
The gnoll hits you from afar with a +0 halberd.
You shoot an arrow. The arrow barely misses the gnoll.
The gnoll barely misses you.
You shoot an arrow. The arrow barely misses the gnoll.
The arrow hits the gnoll.
The gnoll is moderately wounded.
The gnoll closely misses you.
You shoot an arrow. The arrow hits the gnoll.
The gnoll is heavily wounded.
The gnoll hits you from afar with a +0 halberd.
You shoot an arrow. The arrow hits the gnoll.
The gnoll is almost dead.
The gnoll hits you from afar with a +0 halberd. x2
The gnoll hits you but does no damage. x2
You shoot an arrow. The arrow hits the gnoll.
You kill the gnoll!
Okawaru accepts your kill.
The gnoll hits you from afar with a +0 halberd.
You shoot an arrow. The arrow barely misses the gnoll.
The gnoll hits you from afar with a +0 halberd.
You shoot an arrow. The arrow hits the gnoll!
The gnoll is severely wounded.
The gnoll hits you from afar with a +0 halberd!
1810 ||| READING scroll of teleportation.
As you read the scroll of teleportation, it crumbles to dust.
You feel strangely unstable.
The gnoll hits you from afar with a +0 halberd.
You die...

###### #....#
#....# # #....# .#
#....# ..#
#....########...#
#.........@.)...#
#......#####g).....
#..................
##......####.......
#.........#......g
###.....#.#.#.###.
#..##.....#.#
#...........##
#.##..#......#


You could see a gnoll.

Vanquished Creatures
  4 adders
  2 gnolls (D:5)
  A dart slug (D:1)
  5 endoplasms
  A giant cockroach (D:1)
  9 goblins
  4 hobgoblins
  3 quokkas
  4 ball pythons
  A bat (D:2)
  4 frilled lizards
  4 kobolds (D:1)
  4 rats (D:2)
46 creatures vanquished.

Notes
Turn   | Place    | Note
-------+----------+-------------------------------------------
     0 | D:1      | qw the Gargoyle Hunter began the quest for the Orb.
     0 | D:1      | Reached XP level 1. HP: 12/12 MP: 1/1
     0 | D:1      | 0 ||| qw: Version: 0.3-a-106-g2cfff9e
     0 | D:1      | 0 ||| qw: Game counter: 2105
     0 | D:1      | 0 ||| qw: Melee chars always use a shield: true
     0 | D:1      | 0 ||| qw: God list: Okawaru
     0 | D:1      | 0 ||| qw: Allow faded altars: false
     0 | D:1      | 0 ||| qw: Do Orc after clearing Dungeon:15 true
     0 | D:1      | 0 ||| qw: Do second Lair branch before Depths: true
     0 | D:1      | 0 ||| qw: Lair rune preference: random
     0 | D:1      | 0 ||| qw: Goals: Normal, Save, Zot:1-4, Win
     0 | D:1      | 0 ||| PLANNING D:1-11
   132 | D:1      | Found a faded altar of an unknown god.
   155 | D:1      | 155 ||| DROPPING scroll of butterflies.
   215 | D:1      | Reached XP level 2. HP: 17/17 MP: 2/2
   507 | D:1      | Reached XP level 3. HP: 21/21 MP: 3/3
   830 | D:1      | 830 ||| UPGRADING to +0 ring mail.
   840 | D:1      | 840 ||| DROPPING +0 leather armour.
   841 | D:1      | 841 ||| UPGRADING to +4 ring mail.
   851 | D:1      | 851 ||| DROPPING +0 ring mail.
   852 | D:1      | 852 ||| READING scroll labelled YGOUKO IGIKIE.
   853 | D:1      | 853 ||| READING scroll labelled YVOAGR TOHIV.
  1058 | D:2      | Reached skill level 1 in Armour
  1090 | D:2      | Reached skill level 5 in Ranged Weapons
  1457 | D:2      | 1457 ||| READING 2 scrolls labelled GIOGHA CUCSUNYR.
  1457 | D:2      | 1457 ||| IDENTIFYING pink potion
  1458 | D:2      | 1458 ||| READING scroll of identify.
  1458 | D:2      | 1458 ||| IDENTIFYING clear potion
  1459 | D:2      | 1459 ||| READING scroll labelled DAONLUPU KEWYLL.
  1464 | D:2      | 1464 ||| READING scroll labelled ECETYD KITET.
  1464 | D:2      | 1464 ||| ENCHANTING +0 shortbow.
  1465 | D:2      | 1465 ||| READING scroll labelled PUREUPNUNEV.
  1466 | D:2      | 1466 ||| DRINKING 2 amethyst potions.
  1467 | D:2      | 1467 ||| DROPPING potion of invisibility.
  1468 | D:2      | 1468 ||| DROPPING potion of degeneration.
  1474 | D:3      | 1474 ||| STAIRDANCE
  1484 | D:2      | Reached XP level 4. HP: 27/27 MP: 4/4
  1489 | D:3      | 1489 ||| STAIRDANCE
  1495 | D:3      | 1495 ||| STAIRDANCE
  1515 | D:3      | Reached skill level 3 in Fighting
  1515 | D:3      | Noticed a +0 hand axe
  1515 | D:3      | Noticed a +0 hand axe
  1517 | D:3      | Found a hide-covered altar of Uskayaw.
  1677 | D:3      | Found an iron altar of Okawaru.
  1678 | D:3      | 1678 ||| PLANNING OKAWARU WORSHIP
  1678 | D:3      | 1678 ||| READING scroll of identify.
  1678 | D:3      | 1678 ||| IDENTIFYING metallic black potion
  1679 | D:3      | 1679 ||| DROPPING potion of berserk rage.
  1685 | D:3      | Became a worshipper of Warmaster Okawaru
  1686 | D:3      | 1686 ||| PLANNING D:1-11
  1688 | D:3      | Found Kisofi's Antique Armour Boutique.
  1688 | D:3      | You fall into a shaft and drop 2 floors!
  1688 | D:5      | Entered Level 5 of the Dungeon
  1798 | D:5      | Noticed a gnoll sergeant
  1799 | D:5      | 1799 ||| RETREEAATING.
  1809 | D:5      | HP: 2/28 [gnoll/+0 halberd[a gnoll sergeant] (10)]
  1810 | D:5      | 1810 ||| READING scroll of teleportation.
  1810 | D:5      | Slain by a gnoll

Levels and vault maps discovered:
D:1:      psy_arrival_radial02, layout_loops_ring, shapermc_ecumenical_altar_gd
D:2:      layout_loops_cross
D:3:      layout_basic, dancing_weapons_uskayaw,
          mainiacjoe_overflow_large_starburst, serial_shops, shop
D:5:      layout_rooms

Skill      XL: |  1  2  3  4 |
---------------+-------------+-----
Armour         | 1 |  1.4
Ranged Weapons | 5 |  5.3
Fighting       | 3 |  3.1
Dodging        | |  1.5
Stealth        | |  1.1

Action                     |  1- 3 |  4- 6 || total
---------------------------+-------+-------++-------
   Fire: Shortbow          |   128 |    35 ||   163
    Use: Scroll            |     7 |     2 ||     9
         Potion            |     1 |       ||     1
 Armour: Leather armour    |    21 |       ||    21
         Ring mail         |    26 |    28 ||    54
  Dodge: Dodged            |    39 |    19 ||    58

Table legend:
 A = Non-vault XP
 B = Vault XP
 C = Vault XP percentage of total XP
 D = Non-vault monster count
 E = Vault monster count
 F = Vault count percentage of total count
                 A         B        C        D         E       F
            +---------+---------+-------+---------+---------+-------
      Total |     151 |       0 |   0.0 |      46 |       0 |   0.0
            +---------+---------+-------+---------+---------+-------
        D:1 |      38 |       0 |   0.0 |      21 |       0 |   0.0
        D:2 |      56 |       0 |   0.0 |      20 |       0 |   0.0
        D:3 |      15 |       0 |   0.0 |       2 |       0 |   0.0
        D:5 |      42 |       0 |   0.0 |       3 |       0 |   0.0
            +---------+---------+-------+---------+---------+-------
